 Dungeon Crawl Stone Soup version 0.14.0-24-gfb45beb (webtiles) character file.

267 Heini the Covered (level 5, 0/47 HPs)
             Began as a Hill Orc Fighter on Apr 22, 2014.
             Slain by an iguana (5 damage)
             ... on Level 4 of the Dungeon.
             The game lasted 00:09:53 (2594 turns).

Heini the Covered (Hill Orc Fighter)                Turns: 2594, Time: 00:09:53

HP   0/47        AC  8     Str 20      XL: 5   Next: 75%
MP  14/14        EV  6     Int  8      God:
Gold 70          SH 18     Dex 10      Spells:  0 memorised,  4 levels left

rFire  . . .     SeeInvis .     a - +0 war axe
rCold  . . .     Clarity  .     b - +0 scale mail
rNeg   + . .     Conserve .     c - +0 shield
rPois  +         rCorr    .     (no helmet)
rElec  .         rRot     .     o - +0 cloak
SustAb . .       Spirit   .     (no gloves)
rMut   .         Warding  +     (no boots)
Saprov + . .     Stasis   .     t - amulet of warding
MR     .....                    w - ring of poison resistance
                                m - ring of magical power

@: not resistant to hostile enchantments, extremely unstealthy
A: saprovore 1
a: no special abilities


You were on level 4 of the Dungeon.
You were not hungry.

You visited 1 branch of the dungeon, and saw 4 of its levels.

You collected 70 gold pieces.

Inventory:

Hand weapons
 a - a +0,+0 war axe (weapon)
Armour
 b - a +0 scale mail (worn)
 c - a +0 shield (worn)
 h - a cursed +0 plate armour
 o - a +0 cloak (worn)
Comestibles
 d - 2 meat rations
 r - 2 bread rations
 u - an apple
Scrolls
 f - a scroll of remove curse
 j - a scroll of noise {unknown}
 l - a scroll of recharging {unknown}
 n - a scroll of blinking {unknown}
 p - 2 scrolls of amnesia {unknown}
 q - a scroll of enchant weapon I {unknown}
 s - a scroll of teleportation {unknown}
Jewellery
 m - a ring of magical power (left hand)
 t - an amulet of warding (around neck)
 w - a ring of poison resistance (right hand)
Potions
 e - a potion of might
 g - 8 potions of curing
 i - a potion of heal wounds


   Skills:
 * Level 4.4 Fighting
 * Level 5.0 Axes
 * Level 5.2 Armour
 - Level 3.3 Shields


You had 4 spell levels left.
You didn't know any spells.

Dungeon Overview and Level Annotations

Branches:
Dungeon (4/15)
 Temple: D:4-7

Altars:

Annotations:
D:3 Heini's ghost, average MiBe


Innate Abilities, Weirdness & Mutations

You can tolerate rotten meat.


Message History

An ogre comes into view. It is wielding a giant spiked club.
The ogre shouts!
You open the door.
An iguana comes into view.
The iguana hisses angrily.
The ogre hits you with a giant spiked club!
There is an open door here.
You slash the iguana!
The iguana is severely wounded.
The iguana bites you.
The ogre hits you with a giant spiked club!
* * * LOW HITPOINT WARNING * * *
Drink which item? (? for menu, Esc to quit)
You feel much better. You block the iguana's attack.
The ogre barely misses you. The iguana barely misses you.
The ogre hits you with a giant spiked club!
* * * LOW HITPOINT WARNING * * *
There is a stone staircase leading up here.
The iguana bites you.
You die...

#......# #......#
#......# #......#
#......# +..#.#'#.#
..##.#.#.#O#####..
>........l.........
..##.#..@#.#####.#
#...#... #.#######
#. ##


You could see an ogre and an iguana.

Vanquished Creatures
  An orc wizard (D:4)
  4 gnolls (D:3)
  4 adders
  2 worms
  A giant gecko (D:2)
  An ooze (D:2)
  5 orcs
  4 giant cockroaches
  9 hobgoblins
  7 jackals (D:3)
  6 kobolds
  A quokka (D:2)
  3 ball pythons
  10 bats
  5 giant newts
  8 goblins
  22 rats
93 creatures vanquished.

Notes
Turn   | Place    | Note
--------------------------------------------------------------
     0 | D:1      | Heini, the Hill Orc Fighter, began the quest for the Orb.
     0 | D:1      | Reached XP level 1. HP: 19/19 MP: 1/1
   187 | D:1      | Reached XP level 2. HP: 27/27 MP: 2/2
   493 | D:1      | Reached XP level 3. HP: 33/33 MP: 3/3
   561 | D:1      | Reached skill level 4 in Fighting
   987 | D:2      | Reached XP level 4. HP: 40/40 MP: 4/4
  1359 | D:3      | Noticed Heini's ghost (average MiBe)
  1630 | D:3      | Reached XP level 5. HP: 40/46 MP: 5/5
  1689 | D:4      | Reached skill level 5 in Armour
  2327 | D:3      | Reached skill level 5 in Axes
  2581 | D:4      | Noticed an ogre
  2594 | D:4      | Slain by an iguana

Action                   |  1- 3 |  4- 6 || total
-------------------------+-------+-------++-------
Melee: War axe           |   122 |   196 ||   318
  Use: Scroll            |       |     3 ||     3
       Potion            |       |     2 ||     2
